[Event "Team 45 45 League T97"]
[Site "Internet Chess Club"]
[Date "2023.08.25"]
[Round "3"]
[White "Alec-hine"]
[Black "Packerfan"]
[Result "1-0"]
[WhiteElo "1924"]
[BlackElo "1729"]
[Opening "QGD Slav: exchange variation"]
[ECO "D13"]
[Time "15:00:27"]
[PlyCount "127"]
[TimeControl "2700+45"]

1. d4 d5 2. c4 c6 3. cxd5 cxd5 4. Nf3 Nf6 5. Nc3 Nc6 6. Bf4 e6 7. e3 Bd6 8. Bxd6
Qxd6 9. Bd3 O-O 10. O-O a6 11. Rc1 Bd7 12. Na4 b5 13. Nc5 Rfc8 14. Qe2 Nb4 15.
Bb1 Be8 16. a3 Nc6 17. Rc3 Nd7 18. Rfc1 g6 19. h4 Nxc5 20. Rxc5 Bd7 21. Bd3 Na5
22. Qe1 Nc4 23. b3 Nb6 24. Ne5 f6 25. Ng4 Kg7 26. f4 h5 27. Nh2 e5 28. fxe5 fxe5
29. dxe5 Qxe5 30. Nf3 Qf6 31. Qg3 Rxc5 32. Rxc5 Rc8 33. Rxc8 Nxc8 34. Qc7 Qd6
35. Qc3+ Qf6 36. Qxf6+ Kxf6 37. Bxg6 Kxg6 38. Ne5+ Kf5 39. Nxd7 a5 40. Kf2 Nd6
41. Nc5 Kg4 42. g3 Nf5 43. e4 dxe4 44. Nxe4 Nd4 45. b4 axb4 46. axb4 Nc2 47.
Nf6+ Kf5 48. Nxh5 Nxb4 49. Kf3 Nc6 50. g4+ Kg6 51. Nf4+ Kh7 52. g5 b4 53. Ke4 b3
54. Kd3 Ne5+ 55. Kc3 Nf3 56. g6+ Kg7 57. h5 Nd4 58. Kb2 Nf5 59. Kxb3 Ng3 60.
Ne6+ Kg8 61. h6 Nf5 62. h7+ Kh8 63. Ng5 Nh4 64. Nf7+ {Black resigns} 1-0

[Event "Team 45 45 League T97"]
[Site "Internet Chess Club"]
[Date "2023.08.25"]
[Round "3"]
[White "ivanson"]
[Black "timcent"]
[Result "0-1"]
[WhiteElo "1601"]
[BlackElo "1898"]
[Opening "Sicilian: Alapin's variation (2.c3)"]
[ECO "B22"]
[Time "15:00:15"]
[PlyCount "90"]
[TimeControl "2700+45"]

1. e4 c5 2. c3 Nf6 3. e5 Nd5 4. d4 cxd4 5. cxd4 Nc6 6. Bc4 Nb6 7. Bb5 d5 8. Nf3
Bg4 9. h3 Bh5 10. Nc3 e6 11. O-O Be7 12. b3 O-O 13. Be2 Rc8 14. Bb2 f5 15. Nh2
Bxe2 16. Nxe2 Qe8 17. f4 Nb4 18. Nc3 Na6 19. Rc1 Nc7 20. Nf3 Nb5 21. Qd3 Nxc3
22. Rxc3 Rxc3 23. Qxc3 Qd7 24. Rc1 Rc8 25. Qd2 Rxc1+ 26. Qxc1 Qc6 27. Ba3 Qxc1+
28. Bxc1 a5 29. Ng5 Bxg5 30. fxg5 a4 31. Kf2 axb3 32. axb3 Kf7 33. Kg3 Nc8 34.
h4 Kg6 35. Kh3 Kh5 36. Ba3 Na7 37. Bf8 Nc6 38. Bc5 Na5 39. b4 Nc4 40. b5 f4 41.
g4+ fxg3 42. Kxg3 Ne3 43. Bb6 Nf5+ 44. Kh3 Nxh4 45. Bd8 Nf3 {White resigns} 0-1

[Event "Team 45 45 League T97"]
[Site "Internet Chess Club"]
[Date "2023.08.27"]
[Round "3"]
[White "DaveTheRook"]
[Black "justice02"]
[Result "0-1"]
[WhiteElo "1444"]
[BlackElo "1672"]
[Opening "Réti: King's Indian attack (Barcza system)"]
[ECO "A07"]
[Time "14:01:07"]
[PlyCount "88"]
[TimeControl "2700+45"]

1. Nf3 d5 2. g3 c6 3. Bg2 a6 4. O-O Nd7 5. d3 Ngf6 6. c3 e5 7. Nbd2 Bd6 8. e4
O-O 9. Qc2 Re8 10. Re1 Nf8 11. h3 Qb6 12. Nf1 dxe4 13. dxe4 h6 14. Be3 Bc5 15.
Bxc5 Qxc5 16. Rad1 Ng6 17. Rd2 Be6 18. Red1 Qc4 19. b3 Qxe4 20. Qb2 Bxh3 21.
Bxh3 Qxf3 22. Qc2 Qh5 23. Bg2 Qg5 24. Nh2 Ng4 25. Nxg4 Qxg4 26. Qd3 Re7 27. Be4
Qe6 28. Bf5 Qf6 29. Be4 Rae8 30. Qc2 h5 31. Rd6 Re6 32. Rd7 Rb8 33. Bf5 Nf8 34.
Bxe6 Nxe6 35. R1d6 Qg5 36. Qd2 Qg4 37. Qd1 Qf5 38. Qd3 e4 39. Qe3 g5 40. Qa7 Rf8
41. Rxb7 h4 42. Qe3 h3 43. Kh2 g4 44. Qh6 Qxf2+ {White resigns} 0-1

[Event "Team 45 45 League T97"]
[Site "Internet Chess Club"]
[Date "2023.08.25"]
[Round "3"]
[White "ChessG2011"]
[Black "seattleblues"]
[Result "0-1"]
[WhiteElo "1458"]
[BlackElo "1353"]
[Opening "Caro-Kann: advance variation"]
[ECO "B12"]
[Time "20:20:37"]
[PlyCount "144"]
[TimeControl "2700+45"]

1. e4 c6 2. d4 d5 3. e5 Bf5 4. Bd3 Bxd3 5. Qxd3 e6 6. Nf3 Nd7 7. O-O c5 8. c3
Qb6 9. Nbd2 Ne7 10. Nb3 c4 11. Qd1 cxb3 12. Qxb3 Qxb3 13. axb3 Nf5 14. Bd2 Be7
15. Ra2 O-O 16. Rfa1 a6 17. b4 b5 18. Rxa6 Rxa6 19. Rxa6 Rb8 20. Bg5 Nb6 21.
Bxe7 Nxe7 22. Nd2 Na4 23. Kf1 Nxb2 24. Ke1 h6 25. Ke2 Na4 26. Ra5 Nxc3+ 27. Kd3
Na4 28. Nb3 Nb2+ 29. Kc3 Na4+ 30. Kc2 Rc8+ 31. Kb1 Rb8 32. Nc5 Nxc5 33. bxc5 Nc6
34. Ra6 Nxd4 35. Rb6 Rxb6 36. cxb6 Nc6 37. Kb2 Kf8 38. Kb3 Ke8 39. b7 Kd8 40.
b8=Q+ Nxb8 41. Kb4 Kc7 42. Kxb5 Nc6 43. f4 d4 44. Kc4 Kb6 45. g3 h5 46. h3 Ka5
47. Kc5 d3 48. Kxc6 d2 49. Kd7 d1=Q+ 50. Ke7 Qb3 51. Kxf7 Qxg3 52. Kxe6 Qxf4 53.
Kd6 g5 54. Kd5 g4 55. hxg4 hxg4 56. e6 Qf5+ 57. Kd6 g3 58. e7 Qf6+ 59. Kd7 Qf7
60. Kd8 g2 61. e8=Q Qxe8+ 62. Kxe8 g1=Q 63. Ke7 Kb6 64. Ke6 Qg5 65. Kd6 Qc5+ 66.
Ke6 Kc6 67. Kf6 Kd6 68. Kf7 Qe5 69. Kg6 Ke6 70. Kh6 Kf6 71. Kh7 Qg5 72. Kh8 Qg7#
{White checkmated} 0-1

[Event "Team 45 45 League T97"]
[Site "Internet Chess Club"]
[Date "2023.08.29"]
[Round "3"]
[White "VictorRed"]
[Black "Portola"]
[Result "0-1"]
[WhiteElo "1688"]
[BlackElo "1681"]
[Opening "Queen's pawn game, Darooha variation "]
[ECO "D02"]
[Time "13:00:09"]
[PlyCount "130"]
[TimeControl "2700+45"]

1. Nf3 d5 2. d4 Nf6 3. g3 Bf5 4. Bg2 h6 5. Nc3 c6 6. O-O e6 7. Re1 Be7 8. Nh4
Bh7 9. Nf3 Nbd7 10. Bf4 O-O 11. Ne5 Nxe5 12. Bxe5 Nd7 13. Bf4 a6 14. e4 dxe4 15.
Nxe4 Nb6 16. c3 Nd5 17. Bd2 b6 18. c4 Nc7 19. Bc3 Qc8 20. Qb3 Rb8 21. Rad1 Rd8
22. Nd2 Qd7 23. Nf1 Bf8 24. Ne3 b5 25. c5 Nd5 26. Nxd5 exd5 27. Re3 Be7 28. Rde1
Bf6 29. Qd1 b4 30. Bd2 Bxd4 31. Re7 Qf5 32. Bf4 Bxc5 33. Bxb8 Qxf2+ 34. Kh1 Bxe7
35. Rxe7 Rxb8 36. Rc7 Re8 37. Qf1 Qxf1+ 38. Bxf1 Be4+ 39. Kg1 Re6 40. Bxa6 Bb1
41. a3 bxa3 42. bxa3 Re3 43. Rxc6 Rxa3 44. Rd6 Be4 45. Bf1 Ra1 46. Kf2 Ra2+ 47.
Kg1 Rd2 48. Rd8+ Kh7 49. h4 f5 50. Bh3 Rd1+ 51. Kf2 d4 52. Ke2 Rh1 53. Bxf5+
Bxf5 54. Rxd4 h5 55. Ke3 Bg4 56. Rd3 Rf1 57. Kd4 Rf3 58. Rxf3 Bxf3 59. Ke3 Bd1
60. Kd2 Bg4 61. Ke3 Kg6 62. Kf4 Kf6 63. Ke4 Ke6 64. Kf4 Kd5 65. Kg5 Ke4 {White
resigns} 0-1

[Event "Team 45 45 League T97"]
[Site "Internet Chess Club"]
[Date "2023.08.24"]
[Round "3"]
[White "THE-WARRIOR"]
[Black "burlap"]
[Result "1/2-1/2"]
[WhiteElo "1587"]
[BlackElo "1358"]
[Opening "QGD semi-Slav: Meran, 8...a6"]
[ECO "D48"]
[Time "20:00:38"]
[PlyCount "103"]
[TimeControl "2700+45"]

1. d4 d5 2. c4 c6 3. Nf3 e6 4. e3 Nf6 5. Nc3 Nbd7 6. Bd3 dxc4 7. Bxc4 b5 8. Bd3
a6 9. O-O c5 10. a3 Bb7 11. Re1 Be7 12. b3 O-O 13. Bb2 Qb6 14. dxc5 Nxc5 15. Bc2
Rfd8 16. Qe2 Nfe4 17. Nxe4 Nxe4 18. Rac1 Rac8 19. Bb1 Rxc1 20. Rxc1 Bd5 21. Bd4
Qa5 22. Bxe4 Bxe4 23. Nd2 Bxa3 24. Ra1 Bg6 25. Nf3 Rc8 26. Qa2 Bb4 27. Qe2 Qxa1+
28. Bxa1 Rc1+ 29. Qf1 Rxf1+ 30. Kxf1 a5 31. Ne5 Be4 32. f3 Bd5 33. Nd3 Bxb3 34.
Nxb4 axb4 35. Ke2 Bc4+ 36. Kd2 Kf8 37. e4 f6 38. Bd4 Ke7 39. Bc5+ Kd7 40. Bxb4
Bf1 41. g3 f5 42. Ke3 fxe4 43. Kxe4 Ke8 44. Ke5 Kf7 45. h4 Be2 46. Ke4 e5 47.
Bc3 Ke6 48. Bxe5 Bxf3+ 49. Kf4 g5+ 50. hxg5 Bc6 51. Bb2 b4 52. Bh8 {Game drawn
by mutual agreement} 1/2-1/2

[Event "Team 45 45 League T97"]
[Site "Internet Chess Club"]
[Date "2023.08.27"]
[Round "3"]
[White "rjhoro"]
[Black "julesraider"]
[Result "0-1"]
[WhiteElo "1203"]
[BlackElo "1638"]
[Opening "QGD Slav defense"]
[ECO "D10"]
[Time "19:00:19"]
[PlyCount "64"]
[TimeControl "2700+45"]

1. d4 d5 2. c4 c6 3. Nc3 Bf5 4. Bf4 a6 5. a4 Nf6 6. h3 Nbd7 7. e3 e6 8. Bd3 Bxd3
9. Qxd3 Bb4 10. Ne2 dxc4 11. Qxc4 a5 12. O-O O-O 13. Rfd1 Nb6 14. Qd3 h6 15. Ng3
Qe7 16. Nce4 Nfd5 17. Ne2 f5 18. Nc5 Bxc5 19. dxc5 Qxc5 20. Rac1 Qe7 21. b3 e5
22. Bg3 Rad8 23. Qc2 Rd6 24. Rf1 Rdf6 25. Qc5 Qe6 26. Qxa5 f4 27. Bh2 fxe3 28.
fxe3 Rxf1+ 29. Rxf1 Rxf1+ 30. Kxf1 Nxe3+ 31. Kg1 Qf5 32. Ng3 Qc2 {White resigns}
0-1

[Event "Team 45 45 League T97"]
[Site "Internet Chess Club"]
[Date "2023.08.27"]
[Round "3"]
[White "HomerSimpson"]
[Black "fileman"]
[Result "1-0"]
[WhiteElo "2003"]
[BlackElo "1798"]
[Opening "Queen's pawn: Lundin (Kevitz-Mikenas) defense"]
[ECO "A40"]
[Time "13:05:08"]
[PlyCount "107"]
[TimeControl "2700+45"]

1. d4 Nc6 2. Bf4 Nf6 3. Nc3 d6 4. Nf3 g6 5. d5 Nb8 6. e4 Bg7 7. Qd2 e5 8. Bh6
O-O 9. h4 Bg4 10. Nh2 Bd7 11. Be2 Kh8 12. h5 Ng8 13. Bxg7+ Kxg7 14. hxg6 fxg6
15. Ng4 Qe7 16. O-O-O a6 17. g3 Be8 18. f4 Nd7 19. Rdf1 Ndf6 20. fxe5 dxe5 21.
Nxf6 Rxf6 22. Bg4 Rxf1+ 23. Rxf1 Bd7 24. d6 Qe8 25. Nd5 Rc8 26. Bxd7 Qxd7 27.
dxc7 Ne7 28. Qc3 Qd6 29. Rd1 Nxd5 30. Rxd5 Qxc7 31. Qd2 Kg8 32. c3 Rf8 33. Qg5
Qc4 34. Qxe5 Rf1+ 35. Kc2 Rf2+ 36. Rd2 Qa4+ 37. Kd3 Rxd2+ 38. Kxd2 Qxa2 39. Qb8+
Kg7 40. Qxb7+ Kh6 41. e5 Qa1 42. e6 Qf1 43. e7 Qf2+ 44. Kd1 Qf1+ 45. Kc2 Qe2+
46. Kb3 Qd1+ 47. Kb4 Qd6+ 48. Ka4 Qe6 49. b3 Qe1 50. Qd7 Qa1+ 51. Kb4 a5+ 52.
Kb5 Qxc3 53. e8=Q Qb4+ 54. Ka6 {Black resigns} 1-0

[Event "Team 45 45 League T97"]
[Site "Internet Chess Club"]
[Date "2023.08.25"]
[Round "3"]
[White "Redman1"]
[Black "primerpaso"]
[Result "0-1"]
[WhiteElo "1552"]
[BlackElo "1772"]
[Opening "King's Indian: 5.Be2"]
[ECO "E73"]
[Time "14:02:55"]
[PlyCount "62"]
[TimeControl "2700+45"]

1. c4 Nf6 2. Nc3 g6 3. e4 d6 4. d4 Bg7 5. Be2 Nbd7 6. Nf3 O-O 7. O-O c6 8. Be3
e5 9. d5 cxd5 10. cxd5 Ng4 11. Bg5 f6 12. Bh4 Rf7 13. Nd2 Nh6 14. f3 g5 15. Bf2
a6 16. a4 f5 17. Rc1 Nf6 18. Nc4 fxe4 19. fxe4 Nhg4 20. Qb3 Nxf2 21. Rxf2 Rc7
22. Nb6 Rb8 23. Nxc8 Rbxc8 24. Rcf1 Qe7 25. Qc2 Rf8 26. Qd3 Qe8 27. Nd1 Qxa4 28.
Ne3 Nxe4 29. Rxf8+ Bxf8 30. Nf5 Qc2 31. Qf3 Nd2 {White resigns} 0-1

[Event "Team 45 45 League T97"]
[Site "Internet Chess Club"]
[Date "2023.08.25"]
[Round "3"]
[White "Egmont"]
[Black "zethhon"]
[Result "0-1"]
[WhiteElo "1575"]
[BlackElo "1489"]
[Opening "Nimzo-Indian: Sämisch variation"]
[ECO "E27"]
[Time "02:00:13"]
[PlyCount "50"]
[TimeControl "2700+45"]

1. d4 Nf6 2. c4 e6 3. Nc3 Bb4 4. a3 Bxc3+ 5. bxc3 O-O 6. f3 c5 7. e4 d6 8. Bd3
Nc6 9. Ne2 b6 10. Bd2 Bb7 11. O-O Qc7 12. Be3 Rad8 13. Ng3 Rfe8 14. f4 Na5 15.
e5 Nd7 16. Ne4 Nxc4 17. Bxc4 Bxe4 18. Bd3 Bxd3 19. Qxd3 dxe5 20. f5 exd4 21.
fxe6 Rxe6 22. Bf4 Ne5 23. Qf5 Qe7 24. cxd4 Rxd4 25. Rae1 Nf3+ {White resigns}
0-1

[Event "Team 45 45 League T97"]
[Site "Internet Chess Club"]
[Date "2023.08.28"]
[Round "3"]
[White "MichaelIC"]
[Black "walkover"]
[Result "1-0"]
[WhiteElo "2074"]
[BlackElo "1708"]
[Opening "QGD: exchange, positional line"]
[ECO "D35"]
[Time "14:00:41"]
[PlyCount "73"]
[TimeControl "2700+45"]

1. d4 Nf6 2. c4 e6 3. Nc3 d5 4. cxd5 exd5 5. Bg5 Be7 6. e3 O-O 7. Bd3 Re8 8. Qc2
Nbd7 9. Nge2 Nf8 10. O-O c6 11. f3 g6 12. Rad1 Ne6 13. Bh4 b5 14. Kh1 a5 15. Bf2
Ba6 16. e4 Qc7 17. e5 Nh5 18. Be3 b4 19. Na4 Bxd3 20. Qxd3 c5 21. f4 c4 22. Qc2
Nhg7 23. g4 f5 24. Ng3 Rf8 25. h3 Qc6 26. b3 Rac8 27. bxc4 Qxc4 28. Qxc4 Rxc4
29. Nb6 Rc2 30. Nxd5 Bh4 31. gxf5 Bxg3 32. fxe6 Nxe6 33. Nf6+ Kf7 34. f5 gxf5
35. Rxf5 Ng7 36. Rf3 Bh4 37. Nxh7+ {Black resigns} 1-0

[Event "Team 45 45 League T97"]
[Site "Internet Chess Club"]
[Date "2023.08.29"]
[Round "3"]
[White "ElValero"]
[Black "Fischeresque930"]
[Result "0-1"]
[WhiteElo "1685"]
[BlackElo "2030"]
[Opening "QGD: 4.Nf3"]
[ECO "D37"]
[Time "09:00:09"]
[PlyCount "80"]
[TimeControl "2700+45"]

1. Nf3 d5 2. d4 Nf6 3. c4 e6 4. Nc3 Be7 5. cxd5 exd5 6. Bg5 c6 7. Qc2 O-O 8. e3
Nbd7 9. Bd3 h6 10. Bh4 Re8 11. h3 Ne4 12. Bxe7 Qxe7 13. Nd2 Nd6 14. O-O Nf6 15.
Rfe1 Nde4 16. f3 Nxd2 17. Qxd2 Qd6 18. Qf2 Rd8 19. Rad1 Kh8 20. e4 dxe4 21. Nxe4
Nxe4 22. Bxe4 Be6 23. b3 a5 24. Bb1 g6 25. h4 Kg7 26. h5 Bd5 27. hxg6 fxg6 28.
Re5 Bf7 29. Qh4 Qxe5 30. dxe5 Rxd1+ 31. Kh2 Rxb1 32. f4 Re8 33. Qf6+ Kg8 34. f5
gxf5 35. Qxh6 Re6 36. Qg5+ Rg6 37. Qxf5 Rb2 38. Qc8+ Kg7 39. Qc7 Rbxg2+ 40. Kh1
R2g5 {White resigns} 0-1

[Event "Team 45 45 League T97"]
[Site "Internet Chess Club"]
[Date "2023.08.26"]
[Round "3"]
[White "stantheman59"]
[Black "Sandrotov"]
[Result "0-1"]
[WhiteElo "1127"]
[BlackElo "1647"]
[Opening "Queen's bishop game"]
[ECO "D00"]
[Time "14:00:30"]
[PlyCount "84"]
[TimeControl "2700+45"]

1. d4 d5 2. Bf4 Nf6 3. Nf3 e6 4. e3 Bd6 5. Ne5 O-O 6. Bd3 c5 7. c3 Nc6 8. Nxc6
bxc6 9. Bg5 h6 10. Bh4 Rb8 11. Qc2 c4 12. Be2 Kh8 13. Nd2 Be7 14. Bxf6 Bxf6 15.
Nf3 Qc7 16. O-O Bd7 17. Rfb1 c5 18. b3 cxb3 19. axb3 cxd4 20. exd4 Rfc8 21. Rc1
Qb6 22. Bd1 Rc7 23. Qd3 Bb5 24. c4 Rbc8 25. Ne5 Bxe5 26. dxe5 dxc4 27. bxc4 Bxc4
28. Qa3 a6 29. h3 Rc5 30. Qe3 Qc7 31. f4 a5 32. Ra3 Bd5 33. Rac3 Rxc3 34. Rxc3
Qxc3 35. Qxc3 Rxc3 36. Ba4 Ra3 37. Be8 a4 38. Bxf7 Ra1+ 39. Kh2 a3 40. f5 Re1
41. fxe6 Rxe5 42. e7 Bxf7 {White resigns} 0-1

[Event "Team 45 45 League T97"]
[Site "Internet Chess Club"]
[Date "2023.08.27"]
[Round "3"]
[White "Gojira"]
[Black "ElValero"]
[Result "1-0"]
[WhiteElo "1629"]
[BlackElo "1689"]
[Opening "Queen's pawn: Chigorin variation"]
[ECO "D00"]
[Time "12:00:28"]
[PlyCount "62"]
[TimeControl "2700+45"]

1. d4 d5 2. Nc3 Nf6 3. Bf4 c6 4. e3 Bf5 5. f3 e6 6. g4 Bxg4 7. fxg4 Bb4 8. Bd3
Qa5 9. Ne2 Nxg4 10. Rg1 e5 11. dxe5 h5 12. h3 Nh6 13. Qd2 c5 14. Bb5+ Nc6 15.
Qxd5 Qxb5 16. O-O-O Rd8 17. Qxd8+ Nxd8 18. Nxb5 Nf5 19. Nd6+ Nxd6 20. Rxd6 Ne6
21. Rgd1 c4 22. Rd7 O-O 23. Nd4 Nc5 24. Rc7 c3 25. a3 cxb2+ 26. Kxb2 Na6 27.
Rxb7 Bc5 28. Nb3 Bb6 29. Rdd7 Bc5 30. e6 g5 31. e7 Re8 {Black resigns} 1-0

[Event "Team 45 45 League T97"]
[Site "Internet Chess Club"]
[Date "2023.08.26"]
[Round "3"]
[White "julesraider"]
[Black "Rookmaster"]
[Result "1-0"]
[WhiteElo "1627"]
[BlackElo "1535"]
[Opening "QGD: Janowski variation"]
[ECO "D31"]
[Time "16:00:36"]
[PlyCount "37"]
[TimeControl "2700+45"]

1. d4 d5 2. c4 e6 3. Nc3 a6 4. Nf3 Nf6 5. cxd5 exd5 6. Bg5 Be6 7. e3 Nbd7 8. Bd3
Bd6 9. O-O c6 10. e4 dxe4 11. Nxe4 Qc7 12. Nxd6+ Qxd6 13. Re1 O-O-O 14. g3 Bg4
15. Bf4 Qb4 16. a3 Bxf3 17. Qxf3 Qxd4 18. Qxc6+ bxc6 19. Bxa6# {Black
checkmated} 1-0

[Event "Team 45 45 League T97"]
[Site "Internet Chess Club"]
[Date "2023.08.27"]
[Round "3"]
[White "BlueStorm"]
[Black "jjmolina1"]
[Result "0-1"]
[WhiteElo "1409"]
[BlackElo "1496"]
[Opening "Giuoco Pianissimo"]
[ECO "C50"]
[Time "11:02:44"]
[PlyCount "162"]
[TimeControl "2700+45"]

1. e4 e5 2. Nf3 Nc6 3. Bc4 Bc5 4. d3 Nf6 5. O-O h6 6. Nc3 d6 7. h3 O-O 8. Qe2 a6
9. Be3 Nd4 10. Bxd4 exd4 11. Nd5 c6 12. Nxf6+ Qxf6 13. Nh2 Be6 14. Ng4 Qe7 15.
Bxe6 fxe6 16. f4 Rae8 17. Rf3 Qh4 18. Raf1 Bb6 19. Qf2 Qxf2+ 20. R1xf2 c5 21.
Kf1 Bd8 22. g3 b5 23. f5 exf5 24. Rxf5 Rxf5 25. Rxf5 Rf8 26. Rxf8+ Kxf8 27. b3
Ke7 28. Ke2 Ke6 29. Kf3 a5 30. Nf2 h5 31. g4 h4 32. Nd1 Bg5 33. c3 Ke5 34. c4
bxc4 35. bxc4 Bc1 36. Nf2 g5 37. Nd1 a4 38. Nf2 Be3 39. Nd1 Bc1 40. Nf2 Bb2 41.
Nd1 Ba1 42. Nf2 Bc3 43. Nd1 a3 44. Nf2 Bb2 45. Nd1 Bc1 46. Nf2 Bf4 47. Nd1 Bg3
48. Ke2 Kf4 49. Nf2 Bh2 50. Nh1 Bg3 51. Nf2 Bh2 52. Nh1 Bg1 53. Nf2 Kg3 54. e5
dxe5 55. Ne4+ Kxh3 56. Nxc5 Kg2 57. Ne4 h3 58. c5 h2 59. c6 h1=Q 60. c7 Qh8 61.
Nd6 Kg3 62. c8=Q Qxc8 63. Nxc8 Kxg4 64. Nd6 Kf4 65. Nc4 g4 66. Kf1 Be3 67. Kg2
Bc1 68. Kf2 e4 69. dxe4 Kxe4 70. Kg3 d3 71. Kxg4 d2 72. Nxd2+ Bxd2 73. Kg3 Kd3
74. Kf2 Kc2 75. Ke2 Bc1 76. Ke1 Kb1 77. Kd1 Bb2 78. Kd2 Kxa2 79. Kc2 Bh8 80. Kc1
Kb3 81. Kb1 a2+ {White resigns} 0-1

[Event "Team 45 45 League T97"]
[Site "Internet Chess Club"]
[Date "2023.08.27"]
[Round "3"]
[White "Gilguli"]
[Black "trogers41"]
[Result "1-0"]
[WhiteElo "1462"]
[BlackElo "1441"]
[Opening "Vienna: Paulsen-Mieses variation"]
[ECO "C26"]
[Time "15:11:56"]
[PlyCount "53"]
[TimeControl "2700+45"]

1. e4 e5 2. Nc3 Nf6 3. g3 d5 4. exd5 Nxd5 5. Bg2 Nf6 6. d3 Bc5 7. Bg5 O-O 8. Ne4
Be7 9. Qf3 Nxe4 10. Bxe7 Qxe7 11. Qxe4 Nc6 12. Ne2 Be6 13. a3 a6 14. O-O-O Rad8
15. Qe3 Bd5 16. Bxd5 Rxd5 17. Nc3 Rd6 18. Ne4 Re6 19. Ng5 Rd6 20. h4 h6 21. g4
hxg5 22. hxg5 Rg6 23. Rh5 f5 24. Rdh1 f4 25. Qe4 Rxg5 26. Qd5+ Rf7 27. Rh8#
{Black checkmated} 1-0

[Event "Team 45 45 League T97"]
[Site "Internet Chess Club"]
[Date "2023.08.27"]
[Round "3"]
[White "fhunfi"]
[Black "Sandrotov"]
[Result "1/2-1/2"]
[WhiteElo "1674"]
[BlackElo "1648"]
[Opening "Ruy Lopez: Caro variation"]
[ECO "C70"]
[Time "18:02:33"]
[PlyCount "75"]
[TimeControl "2700+45"]

1. e4 e5 2. Nf3 Nc6 3. Bb5 a6 4. Ba4 b5 5. Bb3 Nf6 6. d3 Be7 7. Nbd2 d6 8. c3
O-O 9. Nf1 Be6 10. Ng3 Na5 11. Bc2 c5 12. O-O Qc7 13. h3 Rac8 14. Nh2 d5 15. Qe2
Rfd8 16. Ng4 dxe4 17. dxe4 Bc4 18. Qf3 Bxf1 19. Kxf1 Nc4 20. Qe2 Nxg4 21. hxg4
g6 22. b3 Nd6 23. Be3 Qc6 24. f3 Ne8 25. Qf2 Ng7 26. Qg1 Ne6 27. Qh2 Rd7 28. Kf2
f6 29. Rh1 Bf8 30. Ne2 a5 31. g3 a4 32. f4 g5 33. f5 Nd8 34. c4 bxc4 35. bxc4
Rb8 36. Rb1 Rxb1 37. Bxb1 Rb7 38. Qh1 {Game drawn by mutual agreement} 1/2-1/2

[Event "Team 45 45 League T97"]
[Site "Internet Chess Club"]
[Date "2023.08.27"]
[Round "3"]
[White "QuieroAprender"]
[Black "BrerRabbit"]
[Result "1-0"]
[WhiteElo "1562"]
[BlackElo "1371"]
[Opening "Queen's bishop game"]
[ECO "D00"]
[Time "19:01:24"]
[PlyCount "35"]
[TimeControl "2700+45"]

1. d4 d5 2. Bf4 Nf6 3. Nf3 e6 4. e3 Bd6 5. Bg3 O-O 6. Bd3 c5 7. c3 Qc7 8. Nbd2
Nbd7 9. Qc2 Bxg3 10. hxg3 e5 11. dxe5 Nxe5 12. Bxh7+ Kh8 13. Be4+ Kg8 14. Bxd5
Neg4 15. Rh4 Nh6 16. Rxh6 gxh6 17. Qg6+ Kh8 18. Qxf6+ {Black resigns} 1-0

[Event "Team 45 45 League T97"]
[Site "Internet Chess Club"]
[Date "2023.08.26"]
[Round "3"]
[White "BIRDSMAN"]
[Black "kabindra"]
[Result "0-1"]
[WhiteElo "1372"]
[BlackElo "1705"]
[Opening "Queen's pawn game"]
[ECO "D02"]
[Time "15:00:40"]
[PlyCount "88"]
[TimeControl "2700+45"]

1. d4 d5 2. Nf3 Bf5 3. c4 e6 4. Nc3 Nc6 5. cxd5 exd5 6. a3 Nf6 7. Bf4 a6 8. e3
Bd6 9. Bxd6 Qxd6 10. Bd3 Ne4 11. Rc1 h5 12. O-O h4 13. h3 O-O-O 14. Qc2 Rde8 15.
Na4 f6 16. Nc5 g5 17. Nxa6 g4 18. hxg4 Bxg4 19. Nh2 Bd7 20. Nc5 Nxc5 21. Qxc5
Qe6 22. b4 Reg8 23. b5 Qh3 24. Qxd5 Ne7 25. Qf3 Rxg2+ 26. Qxg2 Rg8 27. Qxg8+
Nxg8 28. Rc5 Nh6 29. Be2 f5 30. Rfc1 c6 31. bxc6 bxc6 32. d5 Ng4 33. Nxg4 fxg4
34. dxc6 Be6 35. Bc4 g3 36. Bxe6+ Qxe6 37. fxg3 Qxe3+ 38. Kg2 Qxg3+ 39. Kh1 h3
40. R5c2 Qxa3 41. Rc3 Qb2 42. R3c2 Qe5 43. c7 Qf4 44. Rc4 Qf3+ {White resigns}
0-1

[Event "Team 45 45 League T97"]
[Site "Internet Chess Club"]
[Date "2023.08.27"]
[Round "3"]
[White "NATYNL09"]
[Black "sdcohle"]
[Result "0-1"]
[WhiteElo "1131"]
[BlackElo "1297"]
[Opening "French: exchange, Svenonius variation"]
[ECO "C01"]
[Time "13:02:04"]
[PlyCount "68"]
[TimeControl "2700+45"]

1. e4 e6 2. d4 d5 3. exd5 exd5 4. Nc3 Nf6 5. Bg5 c6 6. Nf3 Be7 7. Bd3 h6 8. Bf4
O-O 9. O-O Bd6 10. Bg3 Qc7 11. Qd2 Bxg3 12. fxg3 Re8 13. Rfe1 Be6 14. Re5 Nbd7
15. Re2 Bg4 16. Rxe8+ Rxe8 17. Rd1 Nh7 18. Re1 Rxe1+ 19. Qxe1 Ndf6 20. Ne5 Be6
21. a3 Nd7 22. Nxd7 Qxd7 23. b4 b5 24. a4 a6 25. axb5 axb5 26. Qa1 Qd6 27. Qa8+
Nf8 28. Qa6 Qxb4 29. Qxc6 Qxd4+ 30. Kh1 b4 31. Ne2 Qe5 32. Qb5 Bg4 33. c4 Bxe2
34. Qxd5 Qa1+ {White resigns} 0-1

[Event "Team 45 45 League T97"]
[Site "Internet Chess Club"]
[Date "2023.08.26"]
[Round "3"]
[White "VicH66"]
[Black "fireball"]
[Result "1-0"]
[WhiteElo "1275"]
[BlackElo "1518"]
[Opening "Réti: King's Indian attack"]
[ECO "A08"]
[Time "10:02:03"]
[PlyCount "45"]
[TimeControl "2700+45"]

1. Nf3 d5 2. g3 c5 3. Bg2 Nf6 4. O-O Nc6 5. d4 e6 6. c4 cxd4 7. Nxd4 Bc5 8. e3
Bxd4 9. exd4 dxc4 10. h4 Nd5 11. Nd2 b5 12. Re1 O-O 13. Ne4 Qb6 14. Nc5 Rd8 15.
Bg5 f6 16. Nxe6 Bxe6 17. Rxe6 fxg5 18. hxg5 Rac8 19. Qh5 Qc7 20. Rae1 Nxd4 21.
Re8+ Rxe8 22. Rxe8+ Rxe8 23. Qxe8# {Black checkmated} 1-0

[Event "Team 45 45 League T97"]
[Site "Internet Chess Club"]
[Date "2023.08.28"]
[Round "3"]
[White "vollmerj"]
[Black "Manch"]
[Result "1/2-1/2"]
[WhiteElo "1530"]
[BlackElo "1331"]
[Opening "Réti opening"]
[ECO "A05"]
[Time "16:34:30"]
[PlyCount "43"]
[TimeControl "2700+45"]

1. Nf3 Nf6 2. g3 b6 3. Bg2 Bb7 4. O-O e6 5. d4 d5 6. c4 dxc4 7. Qa4+ Nbd7 8.
Qxc4 Be7 9. Ne5 Bxg2 10. Kxg2 Nxe5 11. dxe5 Nd7 12. Qc6 Rb8 13. Rd1 b5 14. Nc3
Rb6 15. Qe4 O-O 16. Be3 c5 17. Rd2 Qc7 18. f4 a5 19. Rad1 Rd8 20. b3 b4 21. Na4
Rc6 22. Nb2 {Game drawn by mutual agreement} 1/2-1/2

[Event "Team 45 45 League T97"]
[Site "Internet Chess Club"]
[Date "2023.08.26"]
[Round "3"]
[White "burlap"]
[Black "smsxman"]
[Result "1-0"]
[WhiteElo "1379"]
[BlackElo "1465"]
[Opening "Queen's pawn, Mason variation"]
[ECO "D00"]
[Time "20:00:19"]
[PlyCount "137"]
[TimeControl "2700+45"]

1. d4 d5 2. Bf4 e6 3. e3 Nf6 4. Nd2 g6 5. h3 c5 6. c3 cxd4 7. exd4 Nc6 8. Ngf3
Bg7 9. Be2 O-O 10. O-O b6 11. Ne5 Bb7 12. Re1 Ne4 13. Nxe4 dxe4 14. Nc4 Qd7 15.
Nd6 Rad8 16. Nxb7 Qxb7 17. Bb5 f5 18. Bxc6 Qxc6 19. Qb3 Qd5 20. Qxd5 exd5 21.
Bg5 Rc8 22. f3 b5 23. fxe4 dxe4 24. Kf2 a6 25. Rad1 Rce8 26. Bf4 h6 27. d5 g5
28. Bc7 Be5 29. d6 Bf6 30. d7 Ra8 31. Rd6 Bd8 32. Bxd8 Raxd8 33. Rxa6 Rxd7 34.
Rxh6 Rd2+ 35. Re2 Rxe2+ 36. Kxe2 Kg7 37. Rb6 f4 38. Rxb5 Rd8 39. Rxg5+ Kf6 40.
Rg4 Kf5 41. Rh4 e3 42. Rh5+ Ke4 43. Rg5 Rd2+ 44. Ke1 Rxb2 45. a4 Kd3 46. Rd5+
Kxc3 47. Rg5 Kd3 48. Rd5+ Ke4 49. Rg5 Ra2 50. a5 f3 51. gxf3+ Kxf3 52. Rf5+ Kg3
53. Re5 Kf4 54. Rb5 Kf3 55. Rf5+ Ke4 56. Rb5 Rh2 57. a6 Ra2 58. Rb6 Kf3 59. Rf6+
Kg2 60. h4 Kg3 61. h5 Kg4 62. h6 Kg5 63. Re6 Kf4 64. h7 Ra1+ 65. Ke2 Ra2+ 66.
Kd3 Ra3+ 67. Kd4 Ra4+ 68. Kc3 e2 69. h8=Q {Black resigns} 1-0